 Dungeon Crawl Stone Soup version 0.24-a0-580-g6a6c3f83c1 (webtiles) character file.

Game seed: 4721430179666537700

8158 Peloso the Carver (level 11, 0/94 HPs)
             Began as a Minotaur Fighter on Aug 22, 2019.
             Was a High Priest of Okawaru.
             Killed from afar by Josephine (21 damage)
             ... with a ghostly fireball
             ... on level 11 of the Dungeon.
             The game lasted 00:22:44 (8886 turns).

Peloso the Carver (Minotaur Fighter)                Turns: 8886, Time: 00:22:44

Health: 0/94       AC: 15    Str: 22    XL:     11   Next: 6%
Magic:  10/10      EV:  7    Int:  5    God:    Okawaru [*****.]
Gold:   428        SH: 12    Dex: 17    Spells: 10/10 levels left

rFire    . . .     SeeInvis +   a - +2 falchion (holy)
rCold    . . .     Gourm    .   c - +0 shield
rNeg     . . .     Faith    .   A - +0 plate armour
rPois    .         Spirit   .   (helmet restricted)
rElec    .         Reflect  .   m - +1 cloak
rCorr    .         Harm     .   (no gloves)
MR       .....                  (no boots)
Stlth    ..........             (no amulet)
HPRegen  0.25/turn              x - ring of see invisible
MPRegen  0.12/turn              L - +5 ring of dexterity

@: slowed, drained, very slow
A: retaliatory headbutt, horns 2
a: Heroism, Finesse, Renounce Religion


You were on level 11 of the Dungeon.
You worshipped Okawaru.
Okawaru was extremely pleased with you.
You were very hungry.

You visited 2 branches of the dungeon, and saw 12 of its levels.
You also visited: Ossuary.

You collected 638 gold pieces.
You spent 210 gold pieces at shops.

Inventory:

Hand Weapons
 a - a +2 falchion of holy wrath (weapon)
 y - the +0 whip "Lele" {elec, Str+4}
   (You found it on level 7 of the Dungeon)

   Occasionally, upon striking a foe, it will discharge some electrical energy
   and cause terrible harm.
   It affects your strength (+4).
Armour
 b - a +0 chain mail
 c - a +0 shield (worn)
 m - a +1 cloak (worn)
 A - a +0 plate armour (worn)
Jewellery
 x - a ring of see invisible (left hand)
 H - an uncursed ring of resist corrosion
 L - a +5 ring of dexterity (right hand)
Wands
 v - a wand of acid (10)
 w - a wand of flame (30)
 E - a wand of polymorph (10)
 G - a wand of enslavement (9)
 J - a wand of iceblast (6)
 K - a wand of clouds (7)
Scrolls
 e - 9 scrolls of remove curse
 h - a scroll of identify
 i - 3 scrolls of fog
 k - a scroll of enchant armour
 l - 4 scrolls of teleportation
 n - 3 scrolls of blinking
 o - 2 scrolls of fear
 t - a scroll of magic mapping
 u - 3 scrolls of enchant weapon
 z - a scroll of summoning
 B - a scroll of torment {unknown}
 F - a scroll of noise {unknown}
 I - a scroll of amnesia {unknown}
Potions
 g - 2 potions of flight
 j - 6 potions of curing
 p - 5 potions of heal wounds
 q - 2 potions of haste
 r - a potion of magic
 s - 2 potions of agility
 C - 2 potions of resistance
 D - a potion of invisibility
Comestibles
 f - 12 rations


   Skills:
 + Level 8.2(7.1) Fighting
 + Level 12.7(11.4) Long Blades
 + Level 8.9(7.7) Armour
 + Level 3.3(2.3) Dodging
 + Level 0.3(0.0) Stealth
 + Level 11.3(10.1) Shields
 + Level 0.4(0.0) Invocations


You had 10 spell levels left.
You didn't know any spells.
Your spell library was empty.

Dungeon Overview and Level Annotations

Branches:
Dungeon (11/15)            Temple (1/1) D:4             Orc (0/2) D:9
Ossuary (visited)
   Lair: D:8-11

Altars:
Ashenzari
Cheibriados
Fedhas
Gozag
Nemelex Xobeh
Okawaru
Qazlal
Ru
Sif Muna
Trog
Uskayaw
Wu Jian
Yredelemnul
The Shining One

Shops:
D:5 [   D:6 ?(   D:9 [

Annotations:
D:5 1 runed translucent door
D:11 Josephine


Innate Abilities, Weirdness & Mutations

You reflexively headbutt those who attack you in melee.
You have a pair of horns on your head.


Message History

Your shield and plate armour prevent you from hitting Josephine.
Josephine is moderately wounded.
You block Josephine's attack.
You hit Josephine. You headbutt Josephine!
Josephine is heavily wounded.
Josephine casts a spell at you.
The ghostly flame explodes!
The ghostly fireball engulfs you!
You feel drained.
* * * LOW HITPOINT WARNING * * *
The ghostly fireball engulfs Josephine.
Josephine completely resists.
You hear an angry hiss.
You hear a howl!
You hit Josephine.
Josephine is severely wounded.
You block Josephine's attack. x2
Unknown command.
You hit Josephine. Your headbutt misses Josephine.
Josephine is severely wounded.
Josephine gestures at you while chanting.
The ghostly flame explodes!
The ghostly fireball engulfs you!!
You feel drained.
You die...

,,,,,,,,,,,,,,,,*
,*******.......,* **
*........* *##.....##
***** #.......#
,,,,** #.......*
***,,**##.......*
**,,,........####
**,,.......W@@.#
****,,**######.####
,,,,,** ####?######
****** #.........# *
#.........#
######........$#
######..))..........#
.?....<####.........#
######## #.........#


You could see Josephine and a wraith.

Vanquished Creatures
  Gastronok (D:9)
  A two-headed ogre (D:9)
  An unseen horror (D:9)
  The ghost of mopl the Sneak, a novice FoEn of Cheibriados (D:4)
  A hornet (D:9)
  A troll (D:10)
  2 wraiths (D:11)
  A wyvern (D:11)
  A water moccasin (D:7)
  2 orc warriors
  A hornet zombie (D:11)
  A necrophage (D:6)
  2 ogres (D:5)
  3 ice beasts
  2 phantoms (D:9)
  6 centaurs
  An elf zombie (Ossuary)
  4 bullfrogs
  A gnoll sergeant (D:9)
  2 scorpions
  4 killer bees
  4 wights (D:6)
  5 howler monkeys
  A bullfrog zombie (D:6)
  A centaur zombie (Ossuary)
  A quasit (D:6)
  5 hounds
  2 human zombies (Ossuary)
  2 bullfrog skeletons
  4 orc priests
  2 iguanas
  6 orc wizards
  18 worker ants
  A big kobold zombie (Ossuary)
  2 human simulacra (D:10)
  A hound zombie (D:4)
  2 hound skeletons (D:9)
  2 mummies (Ossuary)
  6 gnolls
  3 worker ant zombies
  17 adders
  A shadow imp (D:8)
  2 oozes
  2 adder zombies (Ossuary)
  An adder skeleton (D:4)
  4 worms
  4 dart slugs
  8 leopard geckos
  54 orcs
  7 bats
  9 giant cockroaches
  6 goblins
  11 hobgoblins
  9 jackals
  15 kobolds
  4 quokkas
  3 ball pythons
  5 frilled lizards
  A goblin skeleton (D:8)
  A goblin zombie (Ossuary)
  9 hobgoblin zombies
  2 jackal zombies (Ossuary)
  17 kobold zombies
  A leopard gecko skeleton (D:5)
  A leopard gecko zombie (D:4)
  7 orc zombies (Ossuary)
  A quokka skeleton (D:4)
  A quokka zombie (D:2)
  7 rats
  2 butterflies (D:5)
319 creatures vanquished.

Notes
Turn   | Place    | Note
-------+----------+-------------------------------------------
     0 | D:1      | Peloso the Minotaur Fighter began the quest for the Orb.
     0 | D:1      | Reached XP level 1. HP: 19/19 MP: 0/0
    96 | D:1      | Reached XP level 2. HP: 25/27 MP: 1/1
   204 | D:1      | Reached XP level 3. HP: 26/33 MP: 2/2
   361 | D:1      | Reached skill level 3 in Long Blades
  1045 | D:2      | Found a sparkling altar of Nemelex Xobeh.
  1137 | D:2      | Reached XP level 4. HP: 40/40 MP: 3/3
  1749 | D:2      | Reached XP level 5. HP: 42/47 MP: 4/4
  2121 | D:3      | Reached skill level 4 in Long Blades
  2570 | D:4      | Found a transporter.
  2604 | D:4      | Found a transporter.
  2604 | D:4      | Noticed mopl's ghost (novice FoEn)
  2834 | D:4      | Reached skill level 1 in Dodging
  2834 | D:4      | Reached XP level 6. HP: 55/55 MP: 5/5
  2846 | D:4      | Reached skill level 5 in Shields
  2984 | D:4      | Reached skill level 5 in Long Blades
  3007 | D:4      | Reached skill level 5 in Fighting
  3007 | D:4      | Reached skill level 5 in Armour
  3309 | D:4      | Found a staircase to the Ecumenical Temple.
  3319 | Temple   | Entered the Ecumenical Temple
  3403 | Temple   | Became a worshipper of Warmaster Okawaru
  3649 | D:5      | Entered Level 5 of the Dungeon
  3649 | D:5      | Found Racenozy's Armour Emporium.
  3715 | D:5      | Reached XP level 7. HP: 33/61 MP: 6/6
  3838 | D:5      | Reached skill level 6 in Long Blades
  3970 | D:5      | Reached * piety under Okawaru
  4071 | D:5      | Found a runed translucent door.
  4072 | D:5      | Found a runed translucent door.
  4186 | D:5      | Reached skill level 7 in Long Blades
  4195 | D:5      | Reached XP level 8. HP: 23/70 MP: 7/7
  4787 | D:6      | Found Hitt's Antique Weapon Shoppe.
  4890 | D:6      | Found Hyehon's Magic Scroll Shoppe.
  4893 | D:6      | Bought a scroll of magic mapping for 49 gold pieces
  4893 | D:6      | Bought a scroll of enchant weapon for 105 gold pieces
  4893 | D:6      | Bought a scroll of identify for 28 gold pieces
  4893 | D:6      | Bought a scroll of identify for 28 gold pieces
  5067 | D:6      | Reached ** piety under Okawaru
  5067 | D:6      | Reached skill level 8 in Long Blades
  5801 | D:7      | Reached skill level 9 in Long Blades
  5801 | D:7      | Reached XP level 9. HP: 75/78 MP: 8/8
  5816 | D:7      | Got a polished whip
  5817 | D:7      | Identified the +0 whip "Lele" {elec, Str+4} (You found it
                  | on level 7 of the Dungeon)
  5945 | D:7      | Found a sand-covered staircase.
  5953 | Ossuary  | Entered an ossuary
  6246 | Ossuary  | Reached *** piety under Okawaru
  6536 | D:8      | Found a glowing golden altar of the Shining One.
  7052 | D:8      | Reached skill level 10 in Long Blades
  7491 | D:4      | Killed mopl's ghost
  7491 | D:4      | Reached **** piety under Okawaru
  7632 | D:9      | Noticed an unseen horror
  7667 | D:9      | Killed an unseen horror
  7667 | D:9      | Reached XP level 10. HP: 73/86 MP: 9/9
  7698 | D:9      | Reached skill level 10 in Shields
  7711 | D:9      | Found a staircase to the Orcish Mines.
  7800 | D:9      | Noticed a two-headed ogre
  7818 | D:9      | Killed a two-headed ogre
  7818 | D:9      | Reached skill level 11 in Long Blades
  7824 | D:9      | You fall into a shaft and drop 1 floor!
  7824 | D:10     | Entered Level 10 of the Dungeon
  8249 | D:9      | Reached ***** piety under Okawaru
  8323 | D:9      | Noticed Gastronok
  8352 | D:9      | Killed Gastronok
  8352 | D:9      | Reached skill level 12 in Long Blades
  8526 | D:9      | Found Mumytz's Armour Boutique.
  8840 | D:11     | Noticed Josephine
  8851 | D:11     | Reached XP level 11. HP: 89/94 MP: 7/10
  8886 | D:11     | Killed from afar by Josephine

Levels and vault maps discovered:
D:1:      dpeg_arrival_rooms_with_view, layout_basic
D:2:      mumra_celtic_spiral_tile, layout_basic, serial_corexii_hall,
          corexii_hall_statues_x, corexii_hall_statues_t,
          chequers_serial_rivers_small_a, nemelex_xobeh_ov_fountains_minmay
D:3:      layout_rooms, first_ration, st_stairs_3
D:4:      layout_loops_cross, minmay_temple_entry_glass,
          gammafunk_ghost_mausoleum
D:5:      lemuel_insect_pit, layout_basic, serial_shops, shop
D:6:      layout_loops_ring, serial_shops, kennysheep_mini_moat,
          nicolae_shop_temple_entry_statues_fountains, hangedman_decor_growths
D:7:      layout_basic, nicolae_ossuary_entry_plus, minmay_joined_circles
D:8:      layout_gridville, nicolae_tso_besieged_by_evil, chequers_mini_garden
D:9:      layout_loops_ring, david_orc_2, serial_shops, shop_statue,
          uniq_gastronok
D:10:     layout_rooms, grunt_lair_entry_orc_guard_hut, the_bakery,
          bh_circular_ruins, uniq_nergalle
D:11:     layout_rooms, gauntlet_entry_generic, uniq_josephine, uniq_harold,
          uniq_grum
Temple:   kilobyte_greek_temple

Skill      XL: |  1  2  3  4  5  6  7  8  9 10 |
---------------+-------------------------------+-----
Fighting       | 4 5 6 7 8 |  8.2
Armour         | 4 5 6 7 8 |  8.9
Shields        | 4 5 6 8 9 11 | 11.3
Long Blades    | 3 4 5 7 9 10 12 | 12.7
Dodging        | 1 2 3 |  3.3
Stealth        | |  0.3
Invocations    | |  0.4

Action                   |  1- 3 |  4- 6 |  7- 9 | 10-12 || total
-------------------------+-------+-------+-------+-------++-------
Melee: Long sword        |   100 |   225 |   557 |   174 ||  1056
       Headbutt          |    12 |    37 |   104 |    59 ||   212
       Falchion          |       |       |       |    37 ||    37
Invok: Heroism           |       |       |     1 |     4 ||     5
  Use: Potion            |     2 |       |     1 |     2 ||     5
       Scroll            |       |     6 |     8 |     2 ||    16
  Eat: Chunk             |       |    10 |    10 |     3 ||    23
       Ration            |       |       |     1 |       ||     1
Armor: Scale mail        |    71 |    21 |       |       ||    92
       Chain mail        |       |    68 |   103 |       ||   171
       Plate armour      |       |       |   196 |    63 ||   259
Dodge: Dodged            |    38 |    59 |   124 |    45 ||   266
Block: Shield            |    65 |   127 |   353 |   143 ||   688
       Rpst.: Long sword |     8 |    14 |    29 |    11 ||    62
       Falchion          |       |       |       |     3 ||     3

Table legend:
 A = Non-vault XP
 B = Vault XP
 C = Vault XP percentage of total XP
 D = Non-vault monster count
 E = Vault monster count
 F = Vault count percentage of total count
                 A         B        C        D         E       F
            +---------+---------+-------+---------+---------+-------
      Total |    7044 |    4611 |  39.6 |     229 |      88 |  27.8
            +---------+---------+-------+---------+---------+-------
        D:1 |      60 |       4 |   6.2 |      33 |       2 |   5.7
        D:2 |     140 |       0 |   0.0 |      28 |       0 |   0.0
        D:3 |      59 |      15 |  20.3 |      19 |       2 |   9.5
        D:4 |     263 |     441 |  62.6 |      30 |       5 |  14.3
        D:5 |    1009 |     268 |  21.0 |      36 |      10 |  21.7
        D:6 |     542 |       0 |   0.0 |      13 |       0 |   0.0
        D:7 |     265 |     672 |  71.7 |      14 |      10 |  41.7
        D:8 |     767 |      18 |   2.3 |      16 |       8 |  33.3
        D:9 |    3192 |    2399 |  42.9 |      32 |       8 |  20.0
       D:10 |     400 |      43 |   9.7 |       2 |       2 |  50.0
       D:11 |     347 |     426 |  55.1 |       6 |       2 |  25.0
    Ossuary |       0 |     325 | 100.0 |       0 |      39 | 100.0
            +---------+---------+-------+---------+---------+-------
